 Dungeon Crawl Stone Soup version 0.29-a0-284-gf9362112df (webtiles) character file.

Game seed: 3171913985653030077

3 sammy202020 the Skirmisher (level 1, 0/14 HPs)
             Began as a Gargoyle Berserker on Mar 23, 2022.
             Was a Follower of Trog.
             Constricted to death by a ball python (1 damage)
             ... on level 1 of the Dungeon.
             The game lasted 00:01:22 (87 turns).

sammy202020 the Skirmisher (Gargoyle Berserker)       Turns: 87, Time: 00:01:23

Health: 0/14       AC:  4    Str: 20    XL:     1   Next: 50%
Magic:  1/1        EV:  8    Int:  7    God:    Trog [*.....]
Gold:   0          SH:  0    Dex:  9    Spells: 0/0 levels left

rFire   . . .      SeeInvis .   a - +0 mace
rCold   . . .      Faith    .   (no shield)
rNeg    + . .      Spirit   .   b - +0 animal skin
rPois   ∞          Reflect  .   (no helmet)
rElec   +          Harm     .   (no cloak)
rCorr   .          Rampage  .   (no gloves)
Will    .....                   (no boots)
Stlth   +.........              (no amulet)
HPRegen 0.04/turn               (no ring)
MPRegen 0.07/turn               (no ring)

@: on berserk cooldown, slowed, constricted, very slow
A: sickness immunity, AC +2, negative energy resistance 1, electricity
resistance, torment resistance 1, petrification resistance
a: Renounce Religion, Berserk


You were on level 1 of the Dungeon.
You worshipped Trog.
Trog was aware of your devotion.
You visited 1 branch of the dungeon, and saw 1 of its levels.

Inventory:

Hand Weapons
 a - a +0 mace (weapon)
 c - a +0 hand axe
Armour
 b - a +0 animal skin (worn)
 e - a +0 ring mail
Jewellery
 d - a ring of ice


   Skills:
 * Level 3.3 Fighting
 * Level 3.0 Maces & Flails
 * Level 2.2 Armour
 + Level 1.6 Dodging


You couldn't memorise any spells.
You didn't know any spells.
Your spell library was empty.

Dungeon Overview and Level Annotations

Branches:
Dungeon (1/15)

Altars:


Innate Abilities, Weirdness & Mutations

You are immune to sickness and miasma.
Your stone body is resilient. (AC +2)
You are immune to poison.
You resist negative energy. (rN+)
You are resistant to electric shocks. (rElec)
You are resistant to unholy torment.
You are immune to petrification.


Message History

The bat hits you but does no damage. The bat closely misses you.
A red film seems to cover your vision as you go berserk!
You feel yourself moving faster!
You feel mighty! The bat hits you.
* * * LOW HITPOINT WARNING * * *
You feel a strong urge to attack something.
The bat hits you but does no damage.
The frilled lizard bites you but does no damage.
Things that are here:
a +0 whip; 5 stones A hobgoblin comes into view.
The hobgoblin shouts!
You see here a +0 ring mail.
e - a +0 ring mail You feel your anger nearly subside.
The bat closely misses you. The frilled lizard closely misses you.
You barely miss the frilled lizard. The bat hits you but does no damage.
The bat barely misses you. The frilled lizard bites you.
* * * LOW HITPOINT WARNING * * *
You barely miss the frilled lizard. Your punch misses the frilled lizard.
You are no longer berserk.
You are exhausted.
You feel yourself slow down. The bat barely misses you.
A ball python comes into view.
The ball python hisses angrily.
You sock the frilled lizard!
You kill the frilled lizard!
Trog accepts your kill. The bat barely misses you.
A goblin comes into view. It is wielding a +0 club.
The goblin shouts!
The bat hits you but does no damage. x2
You see here a frilled lizard corpse.
The bat attacks as you move away! The bat hits you but does no damage. x2
The hobgoblin hits you.
* * * LOW HITPOINT WARNING * * *
The bat hits you but does no damage. The bat hits you but does no damage.
The hobgoblin barely misses you. The ball python barely misses you.
The ball python grabs you. The ball python constricts you.
You die...

######.##.####
##...............
.............# .##.
#..#..# .#.....
#..#..###$#(....
#..#..##........
####.....>.........
........#.#........
####.##....@.g..#
#.##...†gS...##
#.....)..$......
#...##.##.b...##.
#..##.#.##.#.##
#..#). .. ###.$ ...
##. .## ##. .## ##
##


You could see a hobgoblin, a goblin, a bat and a ball python.

Vanquished Creatures
  A kobold (D:1)
  A quokka (D:1)
  A frilled lizard (D:1)
3 creatures vanquished.

Notes
Turn   | Place    | Note
-------+----------+-------------------------------------------
     0 | D:1      | sammy202020 the Gargoyle Berserker began the quest for the
                  | Orb.
     0 | D:1      | Reached XP level 1. HP: 14/14 MP: 1/1
    87 | D:1      | Constricted to death by a ball python

Illustrated notes

Levels and vault maps discovered:
D:1:      dpeg_arrival_rooms_a, layout_loops_ring, serial_shops, shop_statue,
          minmay_ruptured

Action                   || total
-------------------------++-------
Melee: Mace              ||     9
Invok: Berserk           ||     1
Armor: Animal skin       ||    12
Dodge: Dodged            ||    16

Table legend: (Time is in decaauts)
 A = Elapsed time spent in this place.
 B = Non-inter-level travel time spent in this place.
 C = Inter-level travel time spent in this place.
 D = Time resting spent in this place.
 E = Time spent auto-exploring this place.
 F = Levels seen in this place.
 G = Mean time per level.
                   A        B        C        D        E       F      G
               +--------+--------+--------+--------+--------+-----+--------+
         Total |     88 |     88 |      0 |      0 |     48 |   1 |   88.0 |
       Dungeon |     88 |     88 |      0 |      0 |     48 |   1 |   88.0 |
               +--------+--------+--------+--------+--------+-----+--------+

Top non-repeatable levels by time:
     D:1: 88 daAuts
